Cogmind - Beta 15 *** ADVENTURER MODE // 2025.08.21 @ 12:16:45 // Halloween2019/Abominations Player: [THREAT] Result: Self-destructed Performance ------------- Evolutions (2) 1000 Regions Visited (3) 600 Robots Destroyed (27) 135 Value Destroyed (1176) 1176 Prototype IDs (3) 60 Alien Tech Used (0) 0 Bonus (0) 0 TOTAL SCORE: 2971 Bonus ------- None Cogmind --------- Core Integrity 419/550 Matter 180/300 Energy 125/125 System Corruption 1% Temperature Cool (0) Movement Walking (190) Ox1 Location -8/Materials Parts ------- > --- POWER (1) -------- Light Ion Engine > --- PROPULSION (3) --- Improved Aluminum Leg > --- UTILITY (4) ------ Improved Heat Sink Small Storage Unit Utility Shielding > --- WEAPON (3) ------- High-powered Shotgun Flak Cannon Hammer > --- INVENTORY (8) ---- Particle Charger EM Pulse Gun Advanced Beam Cannon Advanced Beam Cannon Light Assault Rifle Light Cannon Missile Launcher Datajack Peak State ------------ > --- POWER ------------ Light Ion Engine > --- PROPULSION ------- Improved Aluminum Leg > --- UTILITY ---------- Improved Heat Sink Small Storage Unit Utility Shielding > --- WEAPON ----------- High-powered Shotgun Flak Cannon Hammer > --- INVENTORY -------- Particle Charger EM Pulse Gun Advanced Beam Cannon Advanced Beam Cannon Light Assault Rifle Light Cannon Missile Launcher Datajack [Rating: 16] Favorites ----------- Power Ion Engine Engine Ion Engine Propulsion Aluminum Leg Leg Aluminum Leg Utility Small Storage Unit Device Improved Heat Sink Storage Small Storage Unit Protection Utility Shielding Weapon Hammer Energy Gun Medium Laser Energy Cannon Advanced Beam Cannon Ballistic Gun High-powered Shotgun Ballistic Cannon Light Cannon Impact Weapon Hammer Build | -11 -10 -9 -8 ------- Run | Yrd Mat Mat Mat Slots Evolved 4 | . . 2 2 Power . | . . . . Propulsion 1 | . . . 1 Utility 2 | . . 2 . Weapon 1 | . . . 1 Parts Attached 22 | 6 5 5 6 Power 2 | 1 . . 1 Engine 2 | 1 . . 1 Core . | . . . . Reactor . | . . . . Propulsion 6 | 2 2 1 1 Treads . | . . . . Leg 6 | 2 2 1 1 Wheel . | . . . . Hover . | . . . . Flight . | . . . . Utility 3 | 1 1 1 . Device 1 | . 1 . . Storage 1 | 1 . . . Processor . | . . . . Hackware . | . . . . Protection 1 | . . 1 . Artifact . | . . . . Weapon 11 | 2 2 3 4 Energy Gun 2 | 2 . . . Energy Cannon 1 | . . 1 . Ballistic Gun 2 | . 1 . 1 Ballistic Cannon 5 | . . 2 3 Launcher . | . . . . Special Weapon . | . . . . Impact Weapon 1 | . 1 . . Slashing Weapon . | . . . . Piercing Weapon . | . . . . Special Melee Weapon . | . . . . Unidentified Prototypes 1 | . . 1 . Parts Lost 7 | . 4 3 . Power . | . . . . Propulsion 4 | . 2 2 . Utility . | . . . . Weapon 3 | . 2 1 . Highest Loss Streak 3 | . 3 1 . To Critical Strikes . | . . . . Average Backups 5 | 1 1 6 7 Power . | . . . . Propulsion . | . . . . Utility . | . . . . Weapon 3 | 1 . 5 6 Tool/Special . | . . . . Unused Backups 4 | . . . 4 Power . | . . . . Propulsion . | . . . . Utility 1 | . . . 1 Weapon 2 | . . . 2 Tool/Special 1 | . . . 1 Average Slot Usage (%) 68 | . 74 63 67 Engine 3 | . 5 . 5 Leg 16 | . 25 12 11 Device 9 | . 7 11 9 Storage 11 | . 14 11 9 Protection 5 | . . 7 9 Energy Gun 3 | . 10 . . Ballistic Gun 5 | . 8 . 6 Ballistic Cannon 5 | . . 8 9 Impact Weapon 7 | . 1 11 9 Peak Build Rating 16 | 6 8 11 16 Average Rating 9 | 4 6 8 13 On Entrance 5 | . 6 8 9 Naked Turns . | . . . . Heaviest Build 21 | 14 14 13 21 Greatest Support 23 | 20 20 20 23 Greatest Overweight (x) 3 | . . 3 1 Average Overweight (x) . | . . . . Largest Inventory Capacity 8 | 8 8 8 8 Average Capacity 7 | 6 8 8 8 Most Carried 8 | 4 4 8 8 Average Carried 5 | 1 1 6 7 Final Capacity 8 | 8 8 8 8 Final Carried 8 | 1 3 8 8 Class Distribution -------------------- 100% | Mutant Dominant Class ---------------- Mutant | -10/Materials Mutant | -9/Materials Mutant | -8/Materials Resources | -11 -10 -9 -8 ----------- Run | Yrd Mat Mat Mat Matter Collected 829 | 260 77 150 342 Remotely . | . . . . Salvage Created 1000 | 174 642 121 63 Parts 42 | 9 23 8 2 Haulers Intercepted . | . . . . Recyclers Shooed . | . . . . Parts Field Recycled . | . . . . Retrieved Matter . | . . . . Parts Self-Destructed . | . . . . Prevented . | . . . . Kills | -11 -10 -9 -8 ------- Run | Yrd Mat Mat Mat Combat Hostiles Destroyed 19 | . 13 4 2 Melee 2 | . 1 1 . Guns 13 | . 12 . 1 Cannons 2 | . . 1 1 Classes Destroyed 6 | 2 2 . 2 Worker 1 | . . . 1 Tunneler 5 | 5 . . . Recycler 1 | 1 . . . Grunt 6 | . 6 . . Abomination 13 | . 7 4 2 Anomaly 1 | . . . 1 Best Kill Streak 10 | 6 10 1 1 Combat Bots Only 10 | . 10 1 1 Max Kills in Single Turn 1 | 1 1 1 1 Gunslinging . | . . . . Exploded . | . . . . Melee 1 | . 1 1 . Uniques/NPCs Destroyed . | . . . . Combat | -11 -10 -9 -8 -------- Run | Yrd Mat Mat Mat Hostile Shots Fired 264 | . 88 116 60 Missed 60 | . 18 31 11 Hits 204 | . 70 85 49 Melee 4 | . 3 1 . Projectile 200 | . 67 84 49 Critical Strikes 9 | . 1 7 1 Actively Blocked 2 | . . 2 . Damage Taken 2584 | . 722 1112 750 Core 638 | . 195 312 131 Absorbed by Shields . | . . . . Redirected to Shielding 27 | . . 13 14 Ignored by Resistances 709 | . 198 309 202 Regen/Repaired (Parts) 23 | . . 23 . Core Remaining (%) 48 | 100 22 22 . Volleys Fired 139 | 10 59 34 36 Largest 2 | 2 2 1 2 Hottest 100 | 100 100 68 62 Shots Fired 218 | 20 94 34 70 Gun 148 | 20 94 . 34 Cannon 70 | . . 34 36 Launcher . | . . . . Special . | . . . . Kinetic 119 | . 27 22 70 Thermal 99 | 20 67 12 . Explosive . | . . . . Electromagnetic . | . . . . Robot Hit Streak 24 | 6 18 9 24 Robot Miss Streak 9 | 2 5 3 9 Penetration Max . | . . . . Secondary Targets . | . . . . Shots Hit Robots 229 | 13 75 73 68 Core Hits 79 | 7 29 8 35 Critical Kills 1 | . . . 1 Critical Parts Destroyed 4 | . . 4 . Critical Strikes 14 | 1 4 7 2 Burn 5 | 1 4 . . Smash 9 | . . 7 2 Melee Attacks 63 | . 2 49 12 Impact 63 | . 2 49 12 Slashing . | . . . . Piercing . | . . . . Sneak Attacks 8 | . . 2 6 Combat Hostiles . | . . . . Follow-up Attacks . | . . . . Damage Inflicted 4710 | 161 989 1851 1709 Guns 1698 | 161 940 . 597 Cannons 1165 | . . 532 633 Explosions . | . . . . Melee 1847 | . 49 1319 479 Ramming . | . . . . Kinetic 1665 | . 152 283 1230 Thermal 1198 | 161 788 249 . Explosive . | . . . . Electromagnetic . | . . . . Impact 1847 | . 49 1319 479 Slashing . | . . . . Piercing . | . . . . Highest Corruption 2 | . 2 . 1 Average Corruption 1 | . 1 . 1 Corruption Purged . | . . . . Corruption Blocked . | . . . . Effects 2 | . 1 . 1 Data Loss (minor) 1 | . . . 1 Misfires 1 | . 1 . . Overload Shots . | . . . . Overflow Damage 241 | . 3 200 38 Projectiles 18 | . . 18 . Explosions . | . . . . Melee 223 | . 3 182 38 Knockbacks 11 | . 1 2 8 Impact 6 | . 1 1 4 Kinetic 5 | . . 1 4 Secondary . | . . . . Self-Inflicted Damage . | . . . . Shots . | . . . . Rammed . | . . . . Targets Rammed . | . . . . Kicked . | . . . . Crushed . | . . . . Highest Temperature 411 | 195 411 1 . Average Temperature 184 | 97 222 1 . Received Heat Transfer 1155 | . 273 774 108 Effects 5 | . 5 . . Energy Bleed 3 | . 3 . . Matter Decay 1 | . 1 . . Short Circuit 1 | . 1 . . Siege Activations . | . . . . Martial Activations . | . . . . Shielding Activations . | . . . . Robots Disrupted . | . . . . Combat Hostiles . | . . . . Robots Corrupted 2 | . . 2 . Combat Hostiles 2 | . . 2 . Parts Fried 4 | . . 2 2 Impact Corruptions 16 | . 1 13 2 Robots Melted . | . . . . Combat Hostiles . | . . . . Parts Melted 6 | 2 4 . . Heat Transferred 1884 | 555 1211 118 . Parts Sabotaged . | . . . . Parts Stolen . | . . . . Parts Stripped . | . . . . Power Chain Reactions . | . . . . Alert | -11 -10 -9 -8 ------- Run | Yrd Mat Mat Mat Maximum Alert Level . | . . . . Low Security (%) 100 | 100 100 100 100 Level 1 . | . . . . Level 2 . | . . . . Level 3 . | . . . . Level 4 . | . . . . Level 5 . | . . . . High Security . | . . . . Max Security . | . . . . Peak Influence 92 | 20 92 9 9 Initial 8 | . 8 3 . Average 8 | 5 24 . . Influence Increases 261 | 30 196 18 17 Destroy 0b10 Robot/C 120 | . 120 . . Destroy 0b10 Robot/NC 35 | 30 . . 5 Destroy Leader 30 | . 30 . . Successful Hack 23 | . 15 8 . Disable Machine 18 | . . 9 9 Destroy Structure 5 | . 1 1 3 Lose Combat Pursuer 30 | . 30 . . Influence Decreases 261 | 15 201 28 17 Entered New Map 14 | . 7 7 . Time Decay 217 | 15 164 21 17 Lost Part 30 | . 30 . . Squads Dispatched 17 | . 6 7 4 Investigation 10 | . 5 4 1 Extermination . | . . . . Reinforcement . | . . . . Assault 6 | . 1 3 2 Garrison 1 | . . . 1 Intercept . | . . . . Searches Triggered . | . . . . Construction Impeded . | . . . . Haulers Reinforced . | . . . . Active Scanning Responses . | . . . . Cargo Convoy Interrupts . | . . . . Stealth | -11 -10 -9 -8 --------- Run | Yrd Mat Mat Mat Distress Signals 17 | . 1 11 5 Communications Jammed . | . . . . Distress Signals . | . . . . Times Spotted 45 | . 18 14 13 Peak Tracking Total 4 | . 4 4 4 Tactical Retreats 5 | . 1 4 . Traps | -11 -10 -9 -8 ------- Run | Yrd Mat Mat Mat Traps Triggered 1 | . . 1 . Indirectly . | . . . . Trap Hack Attempts . | . . . . Triggered . | . . . . Disarmed . | . . . . Reprogrammed 1 | . 1 . . Reused 1 | . 1 . . Traps Extracted . | . . . . Installed . | . . . . Triggered . | . . . . Machines | -11 -10 -9 -8 ---------- Run | Yrd Mat Mat Mat Machines Disabled 2 | . . 1 1 Max in Single Turn 1 | . . 1 1 Machines Repaired . | . . . . Machines Dismantled . | . . . . Machines Sabotaged . | . . . . Overloaded Fab Kills . | . . . . Hacking | -11 -10 -9 -8 --------- Run | Yrd Mat Mat Mat Machines Accessed 8 | . 5 2 1 Terminals 6 | . 4 1 1 Fabricators . | . . . . Repair Stations 1 | . . 1 . Recycling Units 1 | . 1 . . Scanalyzers . | . . . . Garrison Access . | . . . . Total Hacks 18 | . 9 6 3 Successful 8 | . 5 3 . Failed 10 | . 4 3 3 Catastrophic 3 | . 2 . 1 Database Lockouts . | . . . . Manual 11 | . 4 4 3 Terminals 16 | . 8 5 3 Fabricators . | . . . . Repair Stations 1 | . . 1 . Recycling Units 1 | . 1 . . Scanalyzers . | . . . . Garrison Access . | . . . . Terminal Hacks 6 | . 4 2 . Prototype ID Bank 1 | . 1 . . Level Access Points 2 | . 1 1 . Emergency Access Points 1 | . 1 . . Locate Traps 1 | . . 1 . Reprogram Traps 1 | . 1 . . Fabricator Hacks . | . . . . Repair Station Hacks . | . . . . Recycling Unit Hacks 1 | . 1 . . Retrieve Components 1 | . 1 . . Scanalyzer . | . . . . Garrison Access Hacks . | . . . . Unauthorized Hacks 1 | . . 1 . Terminals . | . . . . Fabricators . | . . . . Repair Stations 1 | . . 1 . Patch 1 | . . 1 . Recycling Units . | . . . . Scanalyzers . | . . . . Garrison Access . | . . . . Data Cores Recovered . | . . . . Used . | . . . . Hacking Detections 4 | . 2 1 1 Full Trace Events 3 | . 2 . 1 Feedback Events 1 | . . . 1 Corruption 1 | . . . 1 Feedback Blocked . | . . . . Robot Schematics Acquired . | . . . . Robots Built . | . . . . Authchips . | . . . . Time . | . . . . Total Robot Build Rating . | . . . . Part Schematics Acquired . | . . . . Parts Built . | . . . . Authchips . | . . . . Time . | . . . . Total Part Build Rating . | . . . . Parts Repaired . | . . . . Time . | . . . . Parts Recycled . | . . . . Recycled Matter . | . . . . Retrieved Matter . | . . . . Retrieved Components . | . . . . Parts Scanalyzed . | . . . . Part Schematics Acquired . | . . . . Parts Damaged . | . . . . Bothacking | -11 -10 -9 -8 ------------ Run | Yrd Mat Mat Mat Used RIF Installer . | . . . . Robots Hacked . | . . . . Non-combat . | . . . . Combat . | . . . . Robot Hacks Applied . | . . . . Relay Couplers Released . | . . . . Fabnet Peak Effective % . | . . . . Robots Rewired . | . . . . Allies Hacked . | . . . . Hacks Repelled . | . . . . Allies | -11 -10 -9 -8 -------- Run | Yrd Mat Mat Mat Total Allies . | . . . . Largest Group . | . . . . Highest-Rated Group . | . . . . Highest-Rated Ally . | . . . . Total Orders . | . . . . Ally Attacks . | . . . . Total Damage . | . . . . Kills . | . . . . Allies Corrupted . | . . . . Allies Melted . | . . . . Intel | -11 -10 -9 -8 ------- Run | Yrd Mat Mat Mat Active Infowar (turns) . | . . . . Robot Analysis Total . | . . . . Derelict Logs Recovered . | . . . . Drone Launches . | . . . . Drone Recoveries . | . . . . Exploration | -11 -10 -9 -8 ------------- Run | Yrd Mat Mat Mat Turns Passed 1727 | 97 527 591 512 Spaces Moved 678 | 51 281 177 169 Core 11 | 9 . 2 . Treads . | . . . . Legs 667 | 42 281 175 169 Wheels . | . . . . Hover . | . . . . Flight . | . . . . Fastest Speed 50 | 50 120 120 120 Average Speed 142 | 107 120 175 156 Slowest Speed 200 | 120 120 200 190 Overloaded Moves . | . . . . Propulsion Burnouts . | . . . . Robots Hopped . | . . . . Potential Cave-ins . | . . . . Cave-ins Triggered . | . . . . Exploration Rate (%) 29 | 4 65 22 25 Regions Visited 3 Branch Regions . Pre-discovered Areas . | . . . . Known Exits Taken 2 | . 1 1 . Unknown Exits Taken 1 | 1 . . . Scrap Searched . | . . . . Spaces Dug 1 | . . 1 . Terrain Destroyed 1 | . . 1 . Melee 1 | . . 1 . Projectile . | . . . . AOE . | . . . . Terrain Rammed . | . . . . Walls Destroyed . | . . . . Machines Disabled . | . . . . Actions | -11 -10 -9 -8 --------- Run | Yrd Mat Mat Mat Total 977 | 73 367 294 243 Wait 40 | . 14 19 7 Move 675 | 50 280 176 169 Hop . | . . . . Pick Up 26 | 7 7 9 3 Fast Attach 10 | . . . 10 Attach 15 | 6 5 3 1 Detach . | . . . . Swap 6 | . . 3 3 Drop 3 | . . 1 2 Fire 139 | 10 59 34 36 Melee 63 | . 2 49 12 Ram . | . . . . Kick . | . . . . Crush . | . . . . Escape Stasis . | . . . . Rewire . | . . . . Trap . | . . . . Miscellaneous . | . . . . Route ------- -11/Scrapyard -10/Materials (discovered 3 exits: *Mat x3) -9/Materials (discovered 3 exits: *Mat x3) -8/Materials History --------- Turn | Location | Event 4 | -11/Scrapyard | Discovered new exit (range 15) 98 | -11/Scrapyard | Entered Materials 106 | -10/Materials | Discovered new exit (range 16) 122 | -10/Materials | Identified exit to Materials 224 | -10/Materials | Destroyed 10 combat bots 305 | -10/Materials | Core integrity fell below 50% 311 | -10/Materials | Build established: Mutant 328 | -10/Materials | Lost 3 parts (1n2w) 625 | -10/Materials | Entered another Materials area 625 | -9/Materials | Evolved 2 slots: Utility x2 814 | -9/Materials | Core integrity fell below 50% 933 | -9/Materials | Identified exit to Materials 1216 | -9/Materials | Entered another Materials area 1216 | -8/Materials | Evolved 2 slots: Propulsion x1, Weapon x1 1344 | -8/Materials | Garrison activated, responded to threat 1728 | -8/Materials | Self-destructed Last Messages --------------- Parts repaired by Paradox Anomaly. ALERT: Dispatching additional forces to engage threats. K-01 Serf collects debris. Minor Abomination spits out Wheel. Minor Abomination feeds off Hungry Anomaly, taking Wheel. K-01 Serf collects debris. K-01 Serf destroyed. Destroyed Imp. Hover Unit. Parts repaired by Paradox Anomaly. Knocked back. K-01 Serf destroyed. Parts repaired by Paradox Anomaly. Paradox Anomaly knocked back. Minor Abomination absorbs Wheel. Parts repaired by Paradox Anomaly. Knocked back. Acquired 3 matter. Lesser Abomination absorbs Wheel. Map ----- +----------------------------------------------------+ | ?????# # # #???????????????????? | | ?????# + + #???????????????????? | | ?????# "T" # # #???????????????????? | | ?????# """ # # #???????????????????? | | ?????# # ############???????????????????? | | ?????###########+#####???????????????????????????? | | ???????????# #???????????????????????????? | | ???????????# #???????????????????????????? | | ???????????# % #???????????????????????????? | | ???????????# #???????????????????????????? | | ???????????#% #???????????????????????????? | | ???????????# % #???????????????????????????? | | ???????????# #???????????????????????????? | | ???????????#% % #???????????????????????????? | | #############+########???????????????????????????? | | #?????????????????????????????????? | | #????????????????????????????? ??? | | #???????????????????????????? ???? | | ####"####### #?????###############?????? ????? | | ??????????"#= #?????# # #????? ????? | | ??????????"# # ????# # #???? ???? | | ????????? "# # ????# # #??? "" ???? | | ????????? "# ####### # = ### " ? | | ???????? # % A *n %% A "" | | ???????? # [ % % | | ??????? # A @ | | ??????? " [%#################+###########??????? | | ?????????## # ?????????# #????????????? | | ??????????? " ???????????# [ #????????????? | | ??????????? ?????????????# %#????????????? | | ??????????? ?????????????# ] #????????????? | | ???????????????????????????# #????????????? | | ???????????????????????????# % !% #????????????? | | ???????????????????????????# #????????????? | | ???????????????????????????# #????????????? | | ???????????????????????????# #????????????? | | ???????????????????????????##########????????????? | | ?????????????????????????????????????????????????? | | ?????????????????????????????????????????????????? | | ?????????????????????????????????????????????????? | | ?????????????????????????????????????????????????? | | ?????????????????????????????????????????????????? | | ?????????????????????????????????????????????????? | | ?????????????????????????????????????????????????? | | ?????????????????????????????????????????????????? | | ?????????????????????????????????????????????????? | | ?????????????????????????????????????????????????? | | ?????????????????????????????????????????????????? | | ?????????????????????????????????????????????????? | | | +----------------------------------------------------+ Best States ------------- Heat Dissipation 45 Energy Generation 10 Energy Capacity 250 Matter Stores 300 Matter Capacity 300 Sight Range 16 Terrain Scan Density 10 Resistance: KI 20 Resistance: TH 20 Resistance: EX 20 Resistance: EM 20 Resistance: I 20 Resistance: S 20 Resistance: P 20 Utility Shielding 33 Evasion (%) 55 Offensive Hacking 10 Item Schematics ----------------- None Robot Schematics ------------------ None Fabricated ------------ Nothing Repaired ---------- Nothing Alien Tech Used ----------------- None Achievements -------------- None Challenges ------------ None Game ------ Seed SlugBraceRigger Manual? 0 Play Time 00:20:00 Cumulative 65.3 hours Start 2025.08.21 @ 11:54:44 End 2025.08.21 @ 12:16:45 Sessions 1 Manual Loads 0 Difficulty Adventurer Special Mode Halloween2019/Abominations Game No. 8 Rogue 0 Adventurer 8 Explorer 0 Win Type - Total 1 Types 1/0/0/0/0/0/0/0/0/0 Lore% 21 Gallery% 19 Achievement% 39 Wizard Run 0 Options --------- Layout 2 ASCII 0 Keyboard 0 Movement Numpad Keybinds 0 Fullscreen 1 Font 16/SmallcapsGlow Map View 50x49 Zoom Use 66% Tactical HUD 0 Map Filters NONE Filters NONE Steam 1 RUN: 424c8782-622a-4d58-bf4d-1315891fbd18